 Dungeon Crawl Stone Soup version 0.12.2-10-g0fb3e6e (webtiles) character file.

29 Kigal the Grave Robber (level 1, 0/15 HPs)
             Began as a Naga Necromancer on July 14, 2013.
             Slain by a jackal (1 damage)
             ... on Level 1 of the Dungeon.
             The game lasted 00:03:46 (280 turns).

Kigal the Grave Robber (Naga Necromancer)            Turns: 280, Time: 00:03:46

HP   0/15        AC  1     Str 10      XL: 1   Next: 70%
MP   2/3         EV 10     Int 15      God:
Gold 25          SH  0     Dex 11      Spells:  2 memorised,  0 levels left

Res.Fire  : . . .   See Invis. : +   (no weapon)
Res.Cold  : . . .   Warding    : .   a - +0 robe
Life Prot.: . . .   Conserve   : .   (no shield)
Res.Poison: +       Res.Corr.  : .   (no helmet)
Res.Elec. : .       Clarity    : .   (no cloak)
Sust.Abil.: . .     Spirit.Shd : .   (no gloves)
Res.Mut.  : .       Stasis     : .   (no barding)
Res.Rott. : .       Ctrl.Telep.: .   (no amulet)
Saprovore : . . .   Flight     : .   (no ring)
                                     (no ring)

@: very slow, not resistant to hostile enchantments, fairly stealthy
A: spit poison, see invisible, deformed body, poison resistance, slowness 2
a: Spit Poison


You were on level 1 of the Dungeon.
You were not hungry.

You visited 1 branch of the dungeon, and saw 1 of its levels.

You collected 5 gold pieces.

Inventory:

Armour
 a - a +0 robe (worn)
Comestibles
 c - a bread ration
 f - a rotting chunk of kobold flesh
 g - a rotting chunk of rat flesh
 h - 9 sultanas
 k - a chunk of rat flesh
 l - a chunk of rat flesh
Scrolls
 d - a scroll of identify {unknown}
 e - a scroll of fog {unknown}
 m - a scroll of teleportation {unknown}
Jewellery
 n - an uncursed ring of ice {unknown}
Potions
 i - a potion of brilliance {unknown}
 j - a potion of curing {unknown}
Books
 b - a book of Necromancy

   Spells                             Type                      Level
   *Pain                              Necromancy                   1
   *Animate Skeleton                  Necromancy                   1
   Lethal Infusion                    Charms/Necromancy            2
   Vampiric Draining                  Necromancy                   3
   Regeneration                       Charms/Necromancy            3
   Animate Dead                       Necromancy                   4
   Control Undead                     Necromancy                   4


   Skills:
 - Level 1.5 Dodging
 + Level 3.0 Stealth
 + Level 1.0 Spellcasting
 * Level 4.2 Necromancy


You couldn't memorise any spells.
You knew the following spells:

 Your Spells              Type           Power        Failure   Level  Hunger
a - Pain                  Necr           ###..        4%          1    ##.....
b - Animate Skeleton      Necr           N/A          4%          1    ##.....


Dungeon Overview and Level Annotations

Branches:
Dungeon (1/27)

Altars:


Innate Abilities, Weirdness & Mutations

You cannot wear boots.
You can spit poison.
You have supernaturally acute eyesight.
Armour fits poorly on your strangely shaped body.
Your system is resistant to poisons.
You cover ground very slowly.


Message History

You swap places.
Your rat skeleton bites the gnoll but does no damage.
The gnoll hits you from afar with a spear!
Ouch! That really hurt!
* * * LOW HITPOINT WARNING * * *
The jackal barely misses you.
Your kobold skeleton hits the jackal.
Your rat skeleton bites the gnoll.
Your rat skeleton bites the gnoll but does no damage.
The gnoll hits your rat skeleton with a spear!
Your rat skeleton is destroyed!
Your rat skeleton bites the gnoll but does no damage.
Your rat skeleton bites the gnoll.
Your rat skeleton bites the gnoll but does no damage.
The gnoll hits you from afar with a spear.
* * * LOW HITPOINT WARNING * * *
The jackal closely misses you.
Your kobold skeleton hits the gnoll.
Your rat skeleton bites the gnoll.
Something bites the gnoll.
The jackal barely misses you. The jackal bites you.
You die...

####..............#
...........####.###
..................#
########..........#
..........(....#
#...#.........###
#...#...........#
.. #...........#
#..##....@..# #..
#...h#### # #b.
#....### ...
###....##....#
#.h..z.....#
#..zz......#
#..##...#### #..#
##.# ....# .#


You could see 2 jackals.

Vanquished Creatures
  A kobold (D:1)
  3 rats (D:1)
4 creatures vanquished.

Vanquished Creatures (collateral kills)
  A giant newt (D:1)
  2 rats (D:1)
3 creatures vanquished.

Vanquished Creatures (others)
  A rat skeleton (D:1)
1 creature vanquished.

Grand Total: 8 creatures vanquished

Notes
Turn   | Place    | Note
--------------------------------------------------------------
     0 | D:1      | Kigal, the Naga Necromancer, began the quest for the Orb.
     0 | D:1      | Reached XP level 1. HP: 15/15 MP: 3/3
    88 | D:1      | Learned a level 1 spell: Animate Skeleton
   280 | D:1      | Slain by a jackal

Action                   || total
-------------------------++-------
 Cast: Pain              ||     5
       Animate Skeleton  ||     4
